 Dungeon Crawl Stone Soup version 0.19.5 (webtiles) character file.

28060 joaoluisp the Cleaver (level 13, -6/116 HPs)
             Began as a Minotaur Berserker on May 17, 2017.
             Was a High Priest of Trog.
             Succumbed to a redback's poison
             ... on level 4 of the Lair of Beasts.
             The game lasted 01:05:39 (15270 turns).

joaoluisp the Cleaver (Minotaur Berserker)         Turns: 15270, Time: 01:05:40

Health: -6/116     AC: 21    Str: 24    XL:     13   Next: 7%
Magic:  12/12      EV:  9    Int:  5    God:    Trog [*****.]
Gold:   843        SH:  4    Dex: 13    Spells: 0 memorised, 12 levels left

rFire  + . .     SeeInvis +     s - +5 quarterstaff (chaos)
rCold  + . .     Gourm    .     M - +0 plate armour
rNeg   . . .     Faith    .     (shield currently unavailable)
rPois  .         Spirit   .     (helmet restricted)
rElec  .         Reflect  +     (no cloak)
rCorr  +         Harm     .     e - +0 pair of gloves
MR     .....                    u - +2 pair of boots
Stlth  ..........               A - amulet of Qosaelaxa {Reflect rC+ SH+4}
                                W - ring of Dishonour {rCorr Int+3}
                                X - ring of see invisible

@: lethally poisoned (-6 -> -101), exhausted, about to teleport, slowed, very
slow
A: retaliatory headbutt, horns 2, blink, dopey 1, fire resistance 1
a: Blink, Berserk, Trog's Hand, Brothers in Arms, Burn Spellbooks, Renounce
Religion


You were on level 4 of the Lair of Beasts.
You worshipped Trog.
Trog was extremely pleased with you.
You were hungry.

You visited 2 branches of the dungeon, and saw 15 of its levels.

You collected 843 gold pieces.

Inventory:

Hand Weapons
 k - a +1 scimitar of holy wrath
 n - a +2 mace of protection
 s - a +5 quarterstaff of chaos (weapon)
 v - the +9 dagger of Chilly Death {flash freeze, rPois rF- rC++ MR+}
   (You found it on level 2 of the Lair of Beasts)

   It has been specially enchanted to freeze those struck by it, causing extra
   injury to most foes and up to half again as much damage against particularly
   susceptible opponents.
   It can also slow down cold-blooded creatures.
   It makes you vulnerable to fire.
   It greatly protects you from cold.
   It protects you from poison.
   It affects your resistance to hostile enchantments.
 y - a +4 hand axe of flaming
 Q - a +1 mace of crushing
 Y - a +1 flail of holy wrath
 Z - a +1 antimagic quarterstaff
Missiles
 R - 64 bolts
Armour
 e - a +0 pair of gloves (worn)
 u - a +2 pair of boots (worn)
 C - a +2 ring mail of fire resistance
 M - a +0 plate armour (worn)
 T - a +2 robe of magic resistance
 U - a +0 large shield
 V - a +2 shield
Jewellery
 g - an uncursed ring of fire
 o - an uncursed ring of poison resistance
 A - the amulet of Qosaelaxa (around neck) {Reflect rC+ SH+4}
   (You acquired it on level 5 of the Dungeon)

   [amulet of reflection]

   It shields you and reflects attacks.
   It protects you from cold.
   It affects your SH (+4).
 W - the ring of Dishonour (right hand) {rCorr Int+3}
   (You found it on level 2 of the Lair of Beasts)

   [ring of resist corrosion]

   It affects your intelligence (+3).
 X - a ring of see invisible (left hand)
Wands
 f - a wand of paralysis (13/24)
 j - a wand of digging (8/24)
 r - a wand of slowing (24/48)
 z - a wand of polymorph (8/24)
 G - a wand of teleportation (9/9)
 H - a wand of lightning (11/15)
 J - a wand of confusion (19/48)
 P - a wand of flame (16/48)
Scrolls
 b - 5 scrolls of enchant weapon
 h - 5 scrolls of fear
 i - 4 scrolls of magic mapping
 p - 9 scrolls of teleportation
 q - 2 scrolls of enchant armour
 t - 5 scrolls of remove curse
 B - 2 scrolls of identify
 I - a scroll of blinking
 L - 4 scrolls of immolation
Potions
 d - a potion of flight
 l - 7 potions of curing
 m - a potion of haste
 x - 2 potions of magic
 E - a potion of ambrosia
 F - a potion of resistance
 K - 3 potions of invisibility
 O - a potion of berserk rage
 S - 2 potions of agility
Miscellaneous
 D - a phial of floods
Comestibles
 a - 4 beef jerkies
 c - 9 bread rations
 w - 9 fruits
 N - 8 slices of pizza


   Skills:
 + Level 11.4 Fighting
 - Level 14.6(15.0) Axes
 - Level 5.6(12.7) Maces & Flails
 + Level 10.4(11.0) Staves
 + Level 13.3 Armour
 * Level 3.4 Dodging
 + Level 3.1 Stealth
 * Level 4.8 Shields


You had 12 spell levels left.
You didn't know any spells.

Dungeon Overview and Level Annotations

Branches:
Dungeon (11/15)            Temple (0/1) D:5            Lair (4/6) D:9
 Shoals (0/4) Lair:3       Spider (0/4) Lair:4          Orc (0/2) D:9

Altars:
Kikubaaqudgha
Qazlal
Sif Muna
Trog
The Shining One

Annotations:
D:9 exclusion: obsidian statue


Innate Abilities, Weirdness & Mutations

You reflexively headbutt those who attack you in melee.
You have a pair of horns on your head.
You can translocate small distances at will.
You are dopey. (Int -2)
Your flesh is heat resistant. (rF+)


Message History

The redback closely misses you. You furiously retaliate!
You headbutt the redback, but do no damage.
The jumping spider leaps!
The redback bites you but does no damage. x2
You bludgeon the redback!!
You kill the redback!
Trog accepts your kill.
* * * LOW HITPOINT WARNING * * *
You feel extremely sick.
The jumping spider leaps!
* * * LOW HITPOINT WARNING * * *
You feel extremely sick.
The jumping spider leaps!
The jumping spider misses you. You furiously retaliate!
You headbutt the jumping spider! The jumping spider bites you.
* * * LOW HITPOINT WARNING * * *
Okay, then.
As you read the scroll of teleportation, it crumbles to dust.
You feel strangely unstable.
You die...

.................................
.................................
.................................
.................†...............
##...#..###......................
##....#...#.....#....#.#..#......
##...##.....§...##.###....##...P.
.#....#.....##.ss##.##..#.#....#.
'.....#......##^@^###......P.....
#....##..<....#^^^..##.........##
##...##.......##..^^###.#.#....##
.#....#........#..^^.##.####....#
#....##.####P.###.^...#..##.#..##
##......#####.####..>.#........##
##...............##...#..........
..................###.#..........
....................# #..........


You could see 2 jumping spiders.

Vanquished Creatures
  A fire dragon (Lair:2)
  Erolcha (D:9)
  3 hydras
  A centaur warrior (D:11)
  4 hill giants
  An ugly thing (D:11)
  A wolf spider (Lair:4)
  Maurice (D:9)
  3 sirens (Lair:3)
  Joseph (D:7)
  A molten gargoyle (Lair:2)
  Psyche (D:8)
  A centaur skeleton (D:11)
  6 spiny frogs
  2 rime drakes (Lair:2)
  4 komodo dragons
  A merfolk (Lair:3)
  A troll (D:11)
  A hornet (D:11)
  Prince Ribbit (D:9)
  2 two-headed ogres
  5 hippogriffs
  A shadow (D:11)
  2 redbacks (Lair:4)
  A wyvern (D:9)
  3 hogs (D:7)
  A human (D:7)
  20 yaks
  2 basilisks
  A warg (D:9)
  2 hungry ghosts (D:9)
  9 porcupines
  8 water moccasins
  8 orc warriors
  A hornet zombie (D:11)
  2 sky beasts
  A black bear (D:10)
  3 phantoms
  19 ice beasts
  3 ogres
  6 centaurs
  6 crocodiles
  11 bullfrogs
  5 scorpions
  3 killer bees (D:7)
  A vampire bat (D:6)
  2 howler monkeys (D:8)
  2 lava snakes (Lair:2)
  2 crimson imps
  2 quasits
  2 bullfrog skeletons
  3 orc priests
  8 hounds
  3 jellies
  Crazy Yiuf (D:2)
  3 iguanas
  10 orc wizards
  3 worker ants
  6 hell rats (Lair:4)
  A hound zombie (D:11)
  A hound skeleton (D:4)
  2 worker ant zombies
  17 adders
  A shadow imp (D:11)
  3 adder zombies
  3 worms
  A dart slug (D:1)
  6 leopard geckos
  60 orcs
  2 bat skeletons (D:6)
  4 bat zombies (D:6)
  6 giant cockroaches
  7 goblins
  9 hobgoblins
  11 jackals
  6 quokkas
  A ball python (D:1)
  6 bats
  5 frilled lizards
  7 kobolds
  8 rats
  A plant (D:2)
377 creatures vanquished.

Vanquished Creatures (others)
  A fungus (Lair:4)
1 creature vanquished.

Grand Total: 378 creatures vanquished

Notes
Turn   | Place    | Note
-------+----------+-------------------------------------------
     0 | D:1      | joaoluisp the Minotaur Berserker began the quest for the Orb.
     0 | D:1      | Reached XP level 1. HP: 19/19 MP: 0/0
   128 | D:1      | Reached XP level 2. HP: 15/27 MP: 1/1
   363 | D:1      | Reached skill level 4 in Axes
   890 | D:2      | Reached XP level 3. HP: 24/34 MP: 2/2
  1397 | D:2      | Reached ** piety under Trog
  1434 | D:2      | Reached XP level 4. HP: 30/41 MP: 3/3
  1535 | D:2      | Found a runed door.
  1539 | D:2      | Noticed Crazy Yiuf
  1544 | D:2      | Killed Crazy Yiuf
  1544 | D:2      | Reached skill level 5 in Axes
  1791 | D:3      | Reached XP level 5. HP: 45/47 MP: 4/4
  2032 | D:3      | Reached skill level 1 in Staves
  2727 | D:4      | Reached XP level 6. HP: 55/55 MP: 5/5
  2836 | D:4      | Found a faded altar of an unknown god.
  2836 | D:4      | Found a faded altar of an unknown god.
  2845 | D:4      | Found a faded altar of an unknown god.
  2848 | D:4      | Found a glowing golden altar of the Shining One.
  2850 | D:4      | Found a bloodstained altar of Trog.
  3091 | D:5      | Entered Level 5 of the Dungeon
  3154 | D:5      | Reached *** piety under Trog
  3192 | D:5      | Found a staircase to the Ecumenical Temple.
  3201 | D:5      | Reached skill level 5 in Fighting
  3356 | D:5      | Identified a scroll of acquirement
  3359 | D:5      | Got a sparkling ivory amulet
  3360 | D:5      | Identified the amulet of Qosaelaxa {Reflect rC+ SH+4} (You acquired it on level 5 of the Dungeon)
  3640 | D:5      | Reached skill level 5 in Staves
  3640 | D:5      | Reached XP level 7. HP: 53/61 MP: 6/6
  3651 | D:5      | Reached skill level 5 in Armour
  4269 | D:6      | Found an ancient bone altar of Kikubaaqudgha.
  4381 | D:6      | Reached **** piety under Trog
  4440 | D:6      | Reached XP level 8. HP: 67/69 MP: 7/7
  4490 | D:6      | Reached skill level 6 in Axes
  4490 | D:6      | Reached skill level 1 in Shields
  4884 | D:7      | Noticed a hill giant
  4896 | D:7      | Killed a hill giant
  4896 | D:7      | Reached skill level 7 in Axes
  5176 | D:7      | Noticed Joseph
  5195 | D:7      | Killed Joseph
  5195 | D:7      | Reached skill level 8 in Axes
  5195 | D:7      | Reached XP level 9. HP: 32/75 MP: 8/8
  5757 | D:7      | Found a stormy altar of Qazlal.
  5890 | D:7      | Reached skill level 9 in Axes
  6033 | D:8      | Noticed a hill giant
  6041 | D:8      | Killed a hill giant
  6048 | D:8      | Noticed a hill giant
  6056 | D:8      | Killed a hill giant
  6056 | D:8      | Reached skill level 10 in Axes
  6060 | D:8      | Noticed Psyche
  6060 | D:8      | Reached XP level 10. HP: 66/86 MP: 9/9
  6065 | D:8      | Killed Psyche
  6190 | D:8      | Gained mutation: You have a pair of large horns on your head. [potion of mutation]
  6190 | D:8      | Gained mutation: You evolve. [potion of mutation]
  6190 | D:8      | Gained mutation: You have supernaturally acute eyesight. (SInv) [potion of mutation]
  6191 | D:8      | Gained mutation: Your body sometimes deteriorates upon taking damage. [potion of mutation]
  6193 | D:8      | Lost mutation: You have a pair of large horns on your head. [potion of cure mutation]
  6193 | D:8      | Lost mutation: Your body sometimes deteriorates upon taking damage. [potion of cure mutation]
  6193 | D:8      | Lost mutation: You have supernaturally acute eyesight. (SInv) [potion of cure mutation]
  6224 | D:8      | Reached ***** piety under Trog
  6576 | D:8      | Gained mutation: You can translocate small distances at will. [evolution]
  7460 | D:9      | Reached skill level 11 in Axes
  7777 | D:9      | Noticed Maurice
  7780 | D:9      | Noticed an obsidian statue
  7799 | D:9      | Killed Maurice
  7821 | D:9      | Noticed a sixfirhy
  8000 | D:9      | Found a staircase to the Lair.
  8003 | D:9      | Noticed Prince Ribbit
  8014 | D:9      | Reached skill level 10 in Staves
  8019 | D:9      | Killed Prince Ribbit
  8323 | D:9      | Found a deep blue altar of Sif Muna.
  8465 | D:9      | Noticed Erolcha
  8481 | D:9      | Killed Erolcha
  8481 | D:9      | Reached skill level 12 in Axes
  8481 | D:9      | Reached skill level 10 in Armour
  8487 | D:9      | Reached XP level 11. HP: 93/95 MP: 10/10
  8527 | D:9      | Received a gift from Trog
  8546 | D:9      | Found a staircase to the Orcish Mines.
  9128 | D:10     | Entered Level 10 of the Dungeon
  9455 | D:10     | Noticed a hill giant
  9464 | D:10     | Killed a hill giant
  9642 | D:10     | Received a gift from Trog
 10100 | D:11     | Reached skill level 13 in Axes
 10260 | D:11     | Noticed a purple ugly thing
 10267 | D:11     | Killed a purple ugly thing
 10267 | D:11     | Reached skill level 1 in Maces & Flails
 10267 | D:11     | Reached skill level 1 in Stealth
 10276 | D:11     | Noticed a centaur warrior
 10295 | D:11     | Killed a centaur warrior
 10674 | D:11     | Gained mutation: Your flesh is heat resistant. (rF+) [evolution]
 10908 | D:11     | Reached skill level 5 in Maces & Flails
 11204 | Lair:1   | Entered Level 1 of the Lair of Beasts
 11719 | Lair:1   | Reached XP level 12. HP: 74/106 MP: 11/11
 12265 | Lair:1   | Reached skill level 10 in Fighting
 12658 | Lair:2   | Noticed a four-headed hydra
 12668 | Lair:2   | Killed a three-headed hydra
 12677 | Lair:2   | Reached skill level 14 in Axes
 12764 | Lair:2   | Got a smoking jade ring
 13054 | Lair:2   | Identified the ring of Dishonour {rCorr Int+3} (You found it on level 2 of the Lair of Beasts)
 13056 | Lair:2   | Gained mutation: You are dopey. (Int -2) [potion of mutation]
 13056 | Lair:2   | Lost mutation: You evolve. [potion of mutation]
 13675 | Lair:2   | Noticed a fire dragon
 13686 | Lair:2   | Killed a fire dragon
 13926 | Lair:3   | Found a staircase to the Shoals.
 13939 | Lair:3   | Received a gift from Trog
 14441 | Lair:3   | Noticed a seven-headed hydra
 14449 | Lair:3   | Killed a seven-headed hydra
 14634 | Lair:4   | Noticed a six-headed hydra
 14643 | Lair:4   | Killed a six-headed hydra
 14643 | Lair:4   | Reached XP level 13. HP: 88/116 MP: 12/12
 15253 | Lair:4   | Found a hole to the Spider Nest.
 15269 | Lair:4   | HP: 5/116 [jumping spider (5)]
 15270 | Lair:4   | Succumbed to a redback's poison

Skill      XL: |  1  2  3  4  5  6  7  8  9 10 11 12 |
---------------+-------------------------------------+-----
Fighting       | 4 5 6 7 8 9 11 | 11.4
Axes           | 4 5 8 10 12 13 14 | 14.6
Armour         | 3 4 5 6 8 10 11 13 | 13.3
Staves         | 2 5 7 8 9 10 | 10.4
Shields        | 1 3 4 |  4.8
Maces & Flails | 5 |  5.6
Stealth        | 1 3 |  3.1
Dodging        | 3 |  3.4

Action                   |  1- 3 |  4- 6 |  7- 9 | 10-12 | 13-15 || total
-------------------------+-------+-------+-------+-------+-------++-------
Melee: Hand axe          |   127 |     5 |   133 |   327 |       ||   592
       Headbutt          |    30 |     7 |    28 |   152 |     7 ||   224
       Quarterstaff      |       |   120 |    10 |   209 |    21 ||   360
       Mace              |       |       |       |   157 |       ||   157
Invok: Berserk           |       |     2 |     2 |     6 |     2 ||    12
       Burn Spellbooks   |       |       |     1 |     1 |     1 ||     3
  Use: Scroll            |     6 |     8 |     4 |    13 |     1 ||    32
       Potion            |       |       |     7 |    12 |       ||    19
 Stab: Paralysed         |       |       |       |     5 |       ||     5
       Confused          |       |       |       |     2 |       ||     2
  Eat: Chunk             |     2 |       |     6 |     9 |       ||    17
       Meat ration       |       |     2 |       |     2 |       ||     4
       Pizza             |       |       |     1 |     2 |       ||     3
       Fruit             |       |       |       |     4 |       ||     4
       Bread ration      |       |       |       |     3 |       ||     3
Armor: Chain mail        |    46 |    97 |    49 |       |       ||   192
       Plate armour      |       |       |    38 |   374 |    30 ||   442
Dodge: Dodged            |    49 |    86 |    52 |   244 |    20 ||   451
Block: Other             |       |       |    40 |   120 |     3 ||   163
       Reflection        |       |       |     1 |     5 |       ||     6
